AoeStats
← Red Calypso

MegaRandom

509783875Analyzed
4v4 RM · 5d ago on Sep 28, 2026· 8m 27s· 8 players
Game mode
Random Map
Map size
Large (8 player)
Population
200
Speed
Normal
Resources
Standard
Victory
Conquest
Starting age
Dark Age
Ending age
Imperial Age
RankedLock teamsTeams togetherTeam positionsShared explorationLock speedFull tech treeHidden civsTurbo modeCheats
Victory
Defeat
🇺🇸 Saxons · United States
1456
+13
🇨🇦 Japanese · Canada
1429
+14
🇦🇹 Wei · Austria
1416
+15
🇺🇸 Romans · United States
1375
+18
🇧🇴 Sicilians · Bolivia
1415
-16
🇺🇸 Chinese · United States
1413
-16
🇨🇳 Franks · China
1376
-14
🇺🇸 Huns · United States
1376
-14
[CL] LocoMontti
8:19 Loom
10:33 Feudal Age
busy pushing deer
0:37 Loom
9:33 Feudal Age
棉花糖
6:32 Loom
9:25 Feudal Age
GG LA LIFE KARIN
PrEyOnU1
GOAT Gobz
Ice2207
6:47 Loom
9:02 Feudal Age
Red Calypso
7:39 Loom
10:04 Feudal Age
Connection lost

Rejoining the realm…

Still unreachable

The connection could not be restored.

Session expired

The server has moved on; the page needs a fresh start.